 Dungeon Crawl Stone Soup version 0.30.1-3-gfc49f6343a (webtiles) character file.

Game seed: 15076229423583884353

4901 jtron the Fighter (level 10, -6/76 HPs)
             Began as a Gnoll Wanderer on Aug 8, 2023.
             Was a Believer of Hepliaklqana.
             Shot with an arrow by a centaur warrior (18 damage)
             ... on level 9 of the Dungeon.
             The game lasted 00:19:17 (8098 turns).

jtron the Fighter (Gnoll Wanderer)                  Turns: 8098, Time: 00:19:17

Health: -6/76      AC: 10    Str: 12    XL:     10   Next: 51%
Magic:  18/18      EV: 14    Int: 13    God:    Hepliaklqana [**....]
Gold:   320        SH:  5    Dex: 14    Spells: 20/20 levels left

rFire   + + .        E - +10 hand axe of Callousness {venom, rF+}
rCold   + . .        (no shield)
rNeg    . . .        K - +2 leather armour {rF+}
rPois   +            (no helmet)
rElec   .            o - +0 cloak {rPois}
rCorr   .            (no gloves)
SInv    .            q - +2 pair of boots
Will    .....        d - amulet of reflection
Stlth   ++           z - ring of protection from cold
HPRegen 0.32/turn    A - ring of flight
MPRegen 0.16/turn

%: reflection
@: silenced (expiring), weak-willed, flying
A: reduced essence, fangs 1, strong nose, distributed training
a: Renounce Religion


You were on level 9 of the Dungeon.
You worshipped Hepliaklqana.
Hepliaklqana was pleased with you.
You visited 2 branches of the dungeon, and saw 10 of its levels.
You also visited: Sewer.

You collected 465 gold pieces.
You spent 145 gold pieces at shops.

Inventory:

Hand Weapons
 a - a +3 vampiric quarterstaff
 n - a +4 quarterstaff of chaos
 t - a +2 dagger of venom
 w - a +1 trident of flaming
 E - the +10 hand axe of Callousness (weapon) {venom, rF+}
   (You found it on level 8 of the Dungeon)

   rF:        It protects you from fire.
Missiles
 e - 13 poisoned darts (quivered)
 x - 2 boomerangs of dispersal
Armour
 b - a +2 leather armour
 g - +0 steam dragon scales
 o - a +0 cloak of poison resistance (worn)
 q - a +2 pair of boots (worn)
 K - a +2 leather armour of fire resistance (worn)
Jewellery
 d - an amulet of reflection (around neck)
 z - a ring of protection from cold (left hand)
 A - a ring of flight (right hand)
Wands
 r - a wand of polymorph (3)
 u - a wand of iceblast (5)
 D - a wand of digging (7)
 G - a wand of flame (8)
Scrolls
 c - 3 scrolls of blinking
 m - 5 scrolls of teleportation
 y - 2 scrolls of amnesia
 J - a scroll of butterflies {unknown}
Potions
 f - 2 potions of curing
 h - 2 potions of degeneration {unknown}
 i - 3 potions of mutation
 j - 2 potions of flight {unknown}
 k - 2 potions of heal wounds {unknown}
 l - 2 potions of might {unknown}
 p - 2 potions of resistance {unknown}
 v - 2 potions of lignification {unknown}
 C - a potion of cancellation {unknown}
 F - a potion of berserk rage {unknown}
 I - 2 potions of haste {unknown}


   Skills:
 + Level 10.2 Fighting
 + Level 5.5 Short Blades
 + Level 5.5 Long Blades
 + Level 5.5 Axes
 + Level 5.5 Maces & Flails
 + Level 5.5 Polearms
 + Level 6.2 Staves
 + Level 5.5 Ranged Weapons
 + Level 5.5 Throwing
 + Level 7.3 Armour
 + Level 7.3 Dodging
 + Level 6.1 Stealth
 + Level 5.5 Shields
 + Level 5.5 Unarmed Combat
 + Level 5.5 Spellcasting
 + Level 4.6 Conjurations
 + Level 4.6 Hexes
 + Level 4.6 Summonings
 + Level 4.6 Necromancy
 + Level 4.6 Translocations
 + Level 4.6 Transmutations
 + Level 4.6 Fire Magic
 + Level 4.6 Ice Magic
 + Level 4.6 Air Magic
 + Level 4.6 Earth Magic
 + Level 4.6 Poison Magic
 + Level 6.1 Invocations
 + Level 5.5 Evocations


You had 20 spell levels left.
You didn't know any spells.
Your spell library contained the following spells:

 Spells                   Type           Power      Damage    Failure   Level
 Ensorcelled Hibernation  Hex/Ice        30%        N/A       4%          2
 Spider Form              Tmut/Pois      15%        N/A       10%         3
 Tukima's Dance           Hex            15%        N/A       10%         3
 Anguish                  Hex/Necr       7%         N/A       32%         4
 Passage of Golubria      Tloc           15%        N/A       32%         4
 Yara's Violent Unravell  Hex/Tmut       7%         3d5       67%         5


Dungeon Overview and Level Annotations

Branches:
Dungeon (9/15)             Temple (1/1) D:5           Sewer (visited)
   Lair: D:8-11         Orc: D:9-12

Altars:
Ashenzari
Cheibriados
Dithmenos
Elyvilon
Fedhas
Gozag
Hepliaklqana
Kikubaaqudgha
Nemelex Xobeh
Okawaru
Qazlal
Sif Muna
Trog
Uskayaw
Vehumet
Wu Jian
Xom
Yredelemnul
Zin
The Shining One

Shops:
D:6 [[(*


Innate Abilities, Weirdness & Mutations

Your life essence is reduced to manifest your ancestor. (-10% HP)
You have very sharp teeth.
Your uncanny sense of smell can sniff out nearby items.
Your experience applies equally to all skills.


Message History

The arrow barely misses you.
Namzu barely misses the centaur warrior.
Namzu hits the centaur warrior with a +0 dagger of draining!
Namzu drains the centaur warrior.
The centaur warrior shoots an arrow.
The arrow hits Namzu!
Namzu completely misses the centaur warrior.
Namzu hits the centaur warrior with a +0 dagger of draining.
Namzu drains the centaur warrior.
The centaur warrior shoots an arrow.
The arrow hits Namzu!!
The centaur warrior unwields a +0 shortbow.
The centaur warrior hits you.
The centaur warrior kicks you but does no damage.
Namzu hits the centaur warrior with a +0 dagger of draining!
Namzu hits the centaur warrior but does no damage.
You slash the centaur warrior!
The centaur warrior looks as sick as possible!
You bite the centaur warrior, but do no damage.
The centaur warrior is almost dead.
The centaur warrior hits you. You block the centaur warrior's attack.
Namzu hits the centaur warrior with a +0 dagger of draining.
Namzu drains the centaur warrior.
Namzu hits the centaur warrior with a +0 dagger of draining.
Namzu drains the centaur warrior.
The centaur warrior dies!
Your Stealth skill increases to level 6!
Your Invocations skill increases to level 6!
You see here a +0 shortbow.
You start resting.
A steam dragon comes into view.
You swap places.
The centaur warrior wields a +0 shortbow.
The centaur warrior shoots an arrow.
The arrow barely misses you.
The centaur warrior shoots an arrow.
The arrow hits you!!
* * * LOW HITPOINT WARNING * * *
The centaur warrior shoots an arrow.
The arrow hits you!
* * * LOW HITPOINT WARNING * * *
The centaur warrior shoots an arrow.
The arrow closely misses you.
There is an open door, spattered with blood here.
The centaur warrior shoots an arrow.
The arrow hits you!!
You die...

.....###########......#
..........)........†..#
......<...............######
####'..D.......######......#
occ)#...######.#....#......#
###.#...# #.#....#......# $
.##...# #.'....#......#
##.#....# #.#....#.>....#
#.##....# #.R@.c.#......###
#. .....# #.#....#........#
.# ...# #.#....#........# .
#.######........#
#............####
#.........<..#
#............#
..........(..#
.#######.....#


You could see the friendly Namzu the hexer (weak-willed) and a centaur warrior
(ally target).

Vanquished Creatures
  Pikel (D:5)
  An ugly thing (D:9)
  A yak (D:9)
  A steam dragon (D:7)
  A vampire mosquito (D:8)
  Edmund (D:5)
  A water moccasin (D:8)
  Duvessa (D:7)
  A sky beast (D:8)
  An orc warrior (D:8)
  A black bear (D:6)
  2 ice beasts (D:6)
  An ogre (D:6)
  4 centaurs
  2 phantoms
  2 bullfrogs
  A scorpion (D:4)
  Dowan (D:7)
  3 howler monkeys (D:7)
  A jelly (D:7)
  6 orc priests
  4 sleepcaps
  3 hounds (D:5)
  Crazy Yiuf (D:5)
  Terence (D:2)
  Jessica (D:2)
  4 iguanas
  4 orc wizards
  Natasha (twice) (D:4)
  8 gnolls
  7 adders
  A river rat (D:3)
  A white imp (D:4)
  A howler monkey simulacrum (D:9)
  3 ufetubi
  A worm (D:2)
  4 dart slugs
  23 orcs
  7 bats
  6 endoplasms
  6 giant cockroaches
  7 goblins
  7 hobgoblins
  6 jackals
  7 kobolds
  A quokka (D:1)
  10 ball pythons
  7 frilled lizards
  9 rats
176 creatures vanquished.

Vanquished Creatures (collateral kills)
  A centaur warrior (D:9)
  2 yaks (D:9)
  A bullfrog (D:8)
  2 orc wizards (D:8)
  A white imp (D:7)
  6 orcs
13 creatures vanquished.

Vanquished Creatures (others)
  A hexer (D:9)
  An ancestor (D:7)
2 creatures vanquished.

Grand Total: 191 creatures vanquished

Notes
Turn   | Place    | Note
-------+----------+-------------------------------------------
     0 | D:1      | jtron the Gnoll Wanderer began the quest for the Orb.
     0 | D:1      | jtron set off with the following items: a +1 quarterstaff,
                  | a +2 leather armour, a scroll of blinking.
     0 | D:1      | Reached XP level 1. HP: 26/26 MP: 1/1
    49 | D:1      | Reached XP level 2. HP: 28/33 MP: 2/2
   283 | D:1      | Reached XP level 3. HP: 37/38 MP: 3/3
   401 | D:1      | Reached skill level 1 in Invocations
   567 | D:2      | Noticed Terence
   588 | D:2      | Killed Terence
   589 | D:2      | Reached skill level 1 in Short Blades
   589 | D:2      | Reached skill level 1 in Long Blades
   589 | D:2      | Reached skill level 1 in Axes
   589 | D:2      | Reached skill level 1 in Maces & Flails
   589 | D:2      | Reached skill level 1 in Polearms
   589 | D:2      | Reached skill level 1 in Ranged Weapons
   589 | D:2      | Reached skill level 1 in Throwing
   589 | D:2      | Reached skill level 1 in Shields
   589 | D:2      | Reached skill level 1 in Unarmed Combat
   589 | D:2      | Reached skill level 1 in Spellcasting
   589 | D:2      | Reached skill level 1 in Evocations
   589 | D:2      | Reached XP level 4. HP: 15/45 MP: 5/5
   738 | D:2      | Noticed Jessica
   743 | D:2      | Killed Jessica
   744 | D:2      | Reached skill level 1 in Conjurations
   744 | D:2      | Reached skill level 1 in Hexes
   744 | D:2      | Reached skill level 1 in Summonings
   744 | D:2      | Reached skill level 1 in Necromancy
   744 | D:2      | Reached skill level 1 in Translocations
   744 | D:2      | Reached skill level 1 in Transmutations
   744 | D:2      | Reached skill level 1 in Fire Magic
   744 | D:2      | Reached skill level 1 in Ice Magic
   744 | D:2      | Reached skill level 1 in Air Magic
   744 | D:2      | Reached skill level 1 in Earth Magic
   744 | D:2      | Reached skill level 1 in Poison Magic
  1477 | D:3      | Reached XP level 5. HP: 51/51 MP: 7/7
  1580 | D:3      | Found a glowing drain.
  1643 | Sewer    | Entered a sewer
  2529 | D:4      | Reached XP level 6. HP: 49/57 MP: 8/8
  2531 | D:4      | Found a shimmering blue altar of Sif Muna.
  2886 | D:4      | Reached skill level 5 in Armour
  2886 | D:4      | Reached skill level 5 in Dodging
  3274 | D:4      | Found an iron altar of Okawaru.
  3327 | D:4      | Noticed Natasha
  3356 | D:4      | Killed Natasha
  3356 | D:4      | Noticed Natasha
  3375 | D:4      | Killed Natasha
  3455 | D:4      | Found a white marble altar of Elyvilon.
  3455 | D:4      | Found an ancient bone altar of Kikubaaqudgha.
  3540 | D:5      | Entered Level 5 of the Dungeon
  3554 | D:5      | Found a staircase to the Ecumenical Temple.
  3586 | D:5      | Reached XP level 7. HP: 63/63 MP: 10/10
  3623 | D:5      | Noticed Edmund
  3640 | Temple   | Entered the Ecumenical Temple
  3795 | Temple   | Became a worshipper of Hepliaklqana the Forgotten
  3889 | D:5      | Found a runed translucent door.
  3890 | D:5      | Noticed Crazy Yiuf
  3957 | D:5      | Found a snail-covered altar of Cheibriados.
  3998 | D:5      | Reached skill level 9 in Fighting
  4112 | D:5      | Killed Crazy Yiuf
  4203 | D:5      | Noticed Pikel
  4227 | D:5      | Killed Pikel
  4228 | D:5      | Reached XP level 8. HP: 33/71 MP: 12/12
  4409 | D:5      | Found a broken altar of Ashenzari.
  4420 | D:5      | Found a sparkling altar of Nemelex Xobeh.
  4483 | D:5      | Killed Edmund
  4894 | D:6      | Found Teewnana's Armour Shoppe.
  5213 | D:6      | Reached XP level 9. HP: 72/77 MP: 14/14
  5327 | D:6      | Found Zoacsiby's Assorted Antiques.
  5328 | D:6      | Found an opulent altar of Gozag.
  5349 | D:6      | Reached skill level 5 in Staves
  5507 | D:6      | Bought a gilded ring for 145 gold pieces
  5576 | D:6      | Found Xabust's Weapon Shoppe.
  5634 | D:6      | Reached * piety under Hepliaklqana
  5648 | D:6      | Found Ylybb's Armour Emporium.
  5815 | D:7      | Reached skill level 5 in Stealth
  6130 | D:7      | Noticed Dowan
  6134 | D:7      | Noticed Duvessa
  6139 | D:7      | Killed Dowan
  6153 | D:7      | Killed Duvessa
  6386 | D:7      | Reached skill level 5 in Invocations
  6697 | D:8      | Identified the +10 hand axe of Callousness {venom, rF+}
  6880 | D:8      | Found a stormy altar of Qazlal.
  6887 | D:8      | Reached ** piety under Hepliaklqana
  6888 | D:8      | Remembered your ancestor Namzu as a hexer
  6896 | D:8      | Found a blossoming altar of Fedhas.
  7736 | D:8      | Reached skill level 5 in Short Blades
  7736 | D:8      | Reached skill level 5 in Long Blades
  7736 | D:8      | Reached skill level 5 in Axes
  7736 | D:8      | Reached skill level 5 in Maces & Flails
  7736 | D:8      | Reached skill level 5 in Polearms
  7736 | D:8      | Reached skill level 5 in Ranged Weapons
  7736 | D:8      | Reached skill level 5 in Throwing
  7736 | D:8      | Reached skill level 5 in Shields
  7736 | D:8      | Reached skill level 5 in Unarmed Combat
  7736 | D:8      | Reached skill level 5 in Spellcasting
  7736 | D:8      | Reached skill level 5 in Evocations
  7736 | D:8      | Reached XP level 10. HP: 76/76 MP: 17/17
  7876 | D:9      | Noticed a centaur warrior
  7884 | D:9      | Identified the ring "Headd" {Contam rC+ rN+ MP+9 Str+3}
  7884 | D:9      | Noticed a centaur warrior
  7915 | D:8      | Reached skill level 10 in Fighting
  8033 | D:9      | Noticed a cyan ugly thing
  8043 | D:9      | Killed a cyan ugly thing
  8087 | D:9      | Killed a centaur warrior
  8098 | D:9      | Shot with an arrow by a centaur warrior

Illustrated notes

Levels and vault maps discovered:
D:1:      onia_arrival_handbag, layout_rooms, grunt_decor_junction,
          skrybe_limestone_x
D:2:      layout_rooms, uniq_terence, uniq_jessica
D:3:      layout_loops_ring, portal_sewer_entry_b
D:4:      layout_basic, mainiacjoe_overflow_catwalk,
          mainiacjoe_overflow_concentric_impassable,
          gammafunk_temple_overflow_statue, uniq_natasha
D:5:      layout_loops_cross, evilmike_ruin_ashenzari,
          minmay_temple_entry_sparse_star, serial_bayou_pond_c,
          hangedman_feature_mirror, uniq_pikel, uniq_edmund,
          uniq_crazy_yiuf_cottage
D:6:      layout_rooms, mainiacjoe_overflow_small_starburst, serial_shops, shop,
          shop, shop, nicolae_stop_n_shop_2
D:7:      layout_cave_pods, uniq_duvessa
D:8:      layout_basic, grunt_temple_overflow_forces_of_nature
D:9:      minmay_the_grid_triangle_9x9_recursive_2_mashed
          [minmay_the_grid_triangle_9x9_prize_special,
          minmay_the_grid_triangle_9x9_alien,
          minmay_the_grid_triangle_9x9_windchime,
          minmay_the_grid_triangle_9x9_longest], layout_irregular_city,
          lemuel_doored_altar, grunt_decor_one_mirror
Temple:   hellmonk_temple_forest_ring

Skill      XL: |  1  2  3  4  5  6  7  8  9 10 |
---------------+-------------------------------+-----
Invocations    | 1 2 3 4 5 6 |  6.1
Short Blades   | 1 2 3 5 |  5.5
Long Blades    | 1 2 3 5 |  5.5
Axes           | 1 2 3 5 |  5.5
Maces & Flails | 1 2 3 5 |  5.5
Polearms       | 1 2 3 5 |  5.5
Ranged Weapons | 1 2 3 5 |  5.5
Throwing       | 1 2 3 5 |  5.5
Shields        | 1 2 3 5 |  5.5
Unarmed Combat | 1 2 3 5 |  5.5
Spellcasting   | 1 2 3 5 |  5.5
Evocations     | 1 2 3 5 |  5.5
Conjurations   | 1 2 3 4 |  4.6
Hexes          | 1 2 3 4 |  4.6
Summonings     | 1 2 3 4 |  4.6
Necromancy     | 1 2 3 4 |  4.6
Translocations | 1 2 3 4 |  4.6
Transmutations | 1 2 3 4 |  4.6
Fire Magic     | 1 2 3 4 |  4.6
Ice Magic      | 1 2 3 4 |  4.6
Air Magic      | 1 2 3 4 |  4.6
Earth Magic    | 1 2 3 4 |  4.6
Poison Magic   | 1 2 3 4 |  4.6
Staves         | 3 4 5 6 |  6.2
Stealth        | 3 4 5 6 |  6.1
Armour         | 5 6 7 |  7.3
Dodging        | 5 6 7 |  7.3
Fighting       | 9 10 | 10.2

Action                     |  1- 3 |  4- 6 |  7- 9 | 10-12 || total
---------------------------+-------+-------+-------+-------++-------
  Melee: Quarterstaff      |    82 |   176 |   343 |    29 ||   630
         Bite              |     6 |    13 |    54 |     6 ||    79
         Hand axe          |       |       |       |    11 ||    11
  Throw: Dart              |     3 |     9 |    21 |     3 ||    36
         Boomerang         |       |       |     1 |       ||     1
 Invoke: Ancestor Life: He |       |       |     1 |       ||     1
  Evoke: Wand              |       |       |     2 |     2 ||     4
    Use: Scroll            |     1 |     9 |     1 |     4 ||    15
         Potion            |       |       |     6 |     3 ||     9
   Stab: Sleeping          |     3 |     9 |     3 |       ||    15
         Distracted        |       |       |     1 |       ||     1
         Confused          |       |       |     1 |       ||     1
         Invisible         |       |       |     1 |       ||     1
 Armour: Leather armour    |    18 |    56 |    93 |    22 ||   189
  Dodge: Dodged            |    58 |    84 |   216 |    41 ||   399
  Block: Other             |       |    11 |    79 |    12 ||   102
         Reflection        |       |     1 |     2 |       ||     3
